 Dungeon Crawl Stone Soup version 0.27-a0-994-g5030419646 (webtiles) character file.

Game seed: 12587317713501479077

108 Snarbu88 the Cudgeller (level 4, -1/28 HPs)
             Began as a Gargoyle Fighter on Apr 16, 2021.
             Killed from afar by an orc wizard (3 damage)
             ... with a puff of flame
             ... on level 3 of the Dungeon.
             The game lasted 00:01:55 (1410 turns).

Snarbu88 the Cudgeller (Gargoyle Fighter)           Turns: 1410, Time: 00:01:56

Health: -1/28      AC: 10    Str: 20    XL:     4   Next: 87%
Magic:  4/4        EV:  7    Int:  9    God:
Gold:   64         SH:  9    Dex:  9    Spells: 3/3 levels left

rFire    . . .     SeeInvis .   a - +0 flail
rCold    . . .     Faith    .   c - +0 kite shield
rNeg     + . .     Spirit   .   b - +0 scale mail
rPois    ∞         Reflect  .   (no helmet)
rElec    +         Harm     .   (no cloak)
rCorr    .         Rampage  .   (no gloves)
Will     +....                  (no boots)
Stlth    ..........             (no amulet)
HPRegen  0.09/turn              n - ring of willpower
MPRegen  0.09/turn              (no ring)

@: mighty
A: AC +3, negative energy resistance 1, electricity resistance, torment
resistance 1, unbreathing 1, petrification resistance
a: no special abilities


You were on level 3 of the Dungeon.
You visited 1 branch of the dungeon, and saw 3 of its levels.

You collected 64 gold pieces.

Inventory:

Hand Weapons
 a - a +0 flail (weapon)
Missiles
 l - 11 curare-tipped darts (quivered)
Armour
 b - a +0 scale mail (worn)
 c - a +0 kite shield (worn)
Jewellery
 f - a ring of flight
 n - a ring of willpower (left hand)
Scrolls
 e - a scroll of magic mapping {unknown}
 h - a scroll of enchant weapon {unknown}
 k - 2 scrolls of teleportation {unknown}
 m - a scroll of acquirement {unknown}
Potions
 g - a potion of curing {unknown}
 i - a potion of heal wounds {unknown}
 j - a potion of degeneration {unknown}
 o - 2 potions of invisibility {unknown}


   Skills:
 - Level 3.2 Fighting
 * Level 4.9 Maces & Flails
 - Level 3.2 Armour
 - Level 3.2 Shields


You had 3 spell levels left.
You didn't know any spells.
Your spell library was empty.

Dungeon Overview and Level Annotations

Branches:
Dungeon (3/15)

Altars:

Shops:
D:1 [


Innate Abilities, Weirdness & Mutations

Your stone body is resilient. (AC +3)
You are immune to poison.
You resist negative energy. (rN+)
You are resistant to electric shocks. (rElec)
You are resistant to unholy torment.
You can survive without breathing.
You are immune to petrification.


Message History

The orc wizard hits you but does no damage.
The orc hits you with a +0 mace. The orc priest barely misses you.
You hit the orc priest.
The orc priest is severely wounded.
The orc hits you but does no damage. The orc priest barely misses you.
The orc wizard hits you but does no damage.
You sock the orc priest!
You kill the orc priest!
The orc wizard hits you but does no damage.
The orc hits you with a +0 mace.
The orc wizard casts a spell at itself.
The orc wizard flickers and vanishes!
Deactivating autopickup; reactivate with Ctrl-A.
The orc wizard gestures at itself while chanting.
The orc wizard flickers and vanishes!
The orc hits you but does no damage.
You feel very mighty all of a sudden. Something hits you but does no damage.
Something hits you.
* * * LOW HITPOINT WARNING * * *
The orc barely misses you.
You bludgeon the orc!!
You kill the orc!
Something hits you.
* * * LOW HITPOINT WARNING * * *
Something hits you but does no damage. x2
You barely miss something.
Something hits you but does no damage. x2
Something hits you.
* * * LOW HITPOINT WARNING * * *
You barely miss something. You block something's attack.
Something hits you but does no damage. x2
You miss something.
Something hits you but does no damage. x2
You closely miss something.
Something hits you but does no damage. x2
You hear some strange, mumbled words.
A magic dart appears from out of thin air!
The magic dart hits you.
* * * LOW HITPOINT WARNING * * *
You miss something. Something hits you but does no damage.
You hear some strange, mumbled words.
A puff of flame appears from out of thin air!
The puff of flame hits you.
You die...

...# #..# .>#
###..# ..#
####....# ..# #
#.......###..##.#
#.............
#.#...<......#####
.......{{).........
.###.#.)@.†...#.
#...####.#.# #.#.
#.# # ...#. #.# #.#
#. #.. #. .. ###


There were no monsters in sight!

Vanquished Creatures
  An orc priest (D:3)
  3 adders (D:2)
  3 dart slugs
  An orc (D:3)
  2 endoplasms (D:2)
  8 goblins
  A hobgoblin (D:1)
  3 jackals (D:2)
  5 kobolds (D:2)
  A quokka (D:2)
  7 ball pythons
  2 bats
  A frilled lizard (D:2)
  3 rats
41 creatures vanquished.

Notes
Turn   | Place    | Note
-------+----------+-------------------------------------------
     0 | D:1      | Snarbu88 the Gargoyle Fighter began the quest for the Orb.
     0 | D:1      | Reached XP level 1. HP: 14/14 MP: 1/1
   115 | D:1      | Found Gualun's Antique Armour Boutique.
   347 | D:1      | Reached XP level 2. HP: 19/19 MP: 2/2
   628 | D:2      | Reached skill level 3 in Maces & Flails
   644 | D:2      | Reached XP level 3. HP: 15/23 MP: 3/3
  1044 | D:2      | Reached skill level 4 in Maces & Flails
  1123 | D:2      | Reached XP level 4. HP: 27/28 MP: 4/4
  1410 | D:3      | Killed from afar by an orc wizard

Illustrated notes

Levels and vault maps discovered:
D:1:      tarquinn_simple_flora_water_c, layout_loops_ring, serial_shops,
          nicolae_shop_window_shopping, minmay_misc_feat_ornament,
          minmay_stone_trees_small
D:2:      layout_rooms
D:3:      layout_loops_ring, nemelex_diamond_rough_becter,
          ebering_ecumenical_altar_ruins, lemuel_old_faithful, uniq_jessica,
          uniq_ijyb

Skill      XL: |  1  2  3 |
---------------+----------+-----
Maces & Flails | 3 4 |  4.9
Fighting       | |  3.2
Armour         | |  3.2
Shields        | |  3.2

Action                   |  1- 3 |  4- 6 || total
-------------------------+-------+-------++-------
Melee: Flail             |    78 |    42 ||   120
  Use: Potion            |       |     1 ||     1
Armor: Scale mail        |    45 |    37 ||    82
Dodge: Dodged            |    34 |    17 ||    51
Block: Kite shield       |    49 |    33 ||    82

Table legend: (Time is in decaauts)
 A = Elapsed time spent in this place.
 B = Non-inter-level travel time spent in this place.
 C = Inter-level travel time spent in this place.
 D = Time resting spent in this place.
 E = Time spent auto-exploring this place.
 F = Levels seen in this place.
 G = Mean time per level.
                   A        B        C        D        E       F      G
               +--------+--------+--------+--------+--------+-----+--------+
         Total |   1464 |   1447 |     17 |      0 |   1082 |   3 |  488.0 |
       Dungeon |   1464 |   1447 |     17 |      0 |   1082 |   3 |  488.0 |
               +--------+--------+--------+--------+--------+-----+--------+

Top non-repeatable levels by time:
     D:2: 812 daAuts
     D:1: 623 daAuts
     D:3: 28 daAuts
